AoeStats
← Gregory176144

Hideout

510240960Analyzed
1v1 RM · 3d ago on Sep 30, 2026· 33m 48s· 2 players
Game mode
Random Map
Map size
Tiny (2 player)
Population
200
Speed
Normal
Resources
Standard
Victory
Conquest
Starting age
Dark Age
Ending age
Imperial Age
RankedLock teamsTeams togetherTeam positionsShared explorationLock speedFull tech treeHidden civsTurbo modeCheats
Victory
Defeat
🇦🇷 Mongols · Argentina
1313
+20
🇳🇴 Lithuanians · Norway
1297
-15
CultKaos
11:17 Feudal Age
14:47 Fletching
17:16 Castle Age
15:04 Loom
18:18 Castle Age
24:08 Horse Collar
25:59 Double-Bit Axe
28:13 Bow Saw
31:25 Bloodlines
31:43 Scale Barding Armor
31:25 Elite Skirmisher
33:00 Bodkin Arrow
Gregory176144
10:02 Feudal Age
10:06 Man-at-Arms
10:34 Double-Bit Axe
11:43 Arson
12:25 Horse Collar
15:46 Wheelbarrow
19:21 Castle Age
18:01 Stone Mining
18:02 Gold Mining
18:22 Scale Mail Armor
20:18 Bow Saw
24:49 Town Watch
25:08 Loom
25:41 Hand Cart
26:18 Gold Shaft Mining
28:18 Ballistics
27:54 Fletching
28:23 Town Patrol
28:31 Husbandry
28:54 Padded Archer Armor
30:03 Bloodlines
33:41 Imperial Age
32:02 Bodkin Arrow
32:23 Leather Archer Armor
33:33 Thumb Ring
34:25 Bracer
Connection lost

Rejoining the realm…

Still unreachable

The connection could not be restored.

Session expired

The server has moved on; the page needs a fresh start.